 Dungeon Crawl Stone Soup version 0.18-a0-1721-gc4d1f22 (webtiles) character file.

182045 realXiberia the Bewitcher (level 17, 0/129 HPs)
             Began as a Demonspawn Wanderer on Apr 8, 2016.
             Was the Champion of Okawaru.
             Killed from afar by a thorn hunter (19 damage)
             ... with a volley of thorns
             ... on level 3 of the Swamp on Apr 9, 2016.
             The game lasted 02:23:55 (38281 turns).

realXiberia the Bewitcher (Demonspawn Wanderer)    Turns: 38281, Time: 02:23:56

Health: 0/129      AC: 15    Str: 12    XL:     17   Next: 69%
Magic:  28/28      EV: 30    Int: 16    God:    Okawaru [******]
Gold:   3030       SH: 11    Dex: 23    Spells: 6 memorised, 11 levels left

rFire  . . .     SeeInvis +     C - +2 dagger (elec)
rCold  + . .     Gourm    .     d - +0 robe "Poicom" {Regen+}
rNeg   . . .     Faith    .     R - +0 buckler
rPois  +         Spirit   .     (helmet unavailable)
rElec  .         Dismiss  .     H - +1 cloak {rPois}
rCorr  .         Reflect  .     b - +2 pair of gloves {archery}
SustAt .         Harm     .     f - +2 pair of boots
MR     +....                    l - amulet of rage
Stlth  +++++++++.               T - +4 ring of evasion
                                S - ring of protection from cold

@: agile, heroism, very slightly contaminated, somewhat resistant to hostile
enchantments, incredibly stealthy
A: antennae 3, large bone plates 3, foul stench 1, powered by pain 2, rot
immunity
a: Heroism, Finesse, Renounce Religion, Evoke Berserk Rage


You were on level 3 of the Swamp.
You worshipped Okawaru.
Okawaru was exalted by your worship.
You were not hungry.

You visited 5 branches of the dungeon, and saw 29 of its levels.
You also visited: Sewer, Ice Cave and Volcano.

You collected 3464 gold pieces.
You spent 434 gold pieces at shops.

Inventory:

Hand Weapons
 C - a +2 dagger of electrocution (weapon)
 X - a +2 quick blade
Missiles
 x - 2 throwing nets (quivered)
Armour
 b - a +2 pair of gloves of archery (worn)
 d - the +0 robe "Poicom" (worn) {Regen+}
   (Okawaru gifted it to you on level 8 of the Lair of Beasts)

   It increases your rate of regeneration.
 f - a +2 pair of boots (worn)
 H - a +1 cloak of poison resistance (worn)
 I - a +2 cloak of fire resistance
 O - a +2 robe of fire resistance
 R - a +0 buckler (worn)
Jewellery
 e - an uncursed ring of ice
 g - an uncursed ring of protection from fire
 l - an amulet of rage (around neck)
 Q - an uncursed ring of protection from magic
 S - a ring of protection from cold (left hand)
 T - a +4 ring of evasion (right hand)
Wands
 m - a wand of iceblast (7/15)
 A - a wand of digging (16/24)
 E - a wand of teleportation (3/9)
 F - a wand of teleportation (2/9)
 G - a wand of iceblast (5/15)
Scrolls
 i - a scroll of teleportation
 n - 6 scrolls of recharging
 o - 19 scrolls of identify
 p - 4 scrolls of fog
 q - 4 scrolls of amnesia
 y - 2 scrolls of magic mapping
 L - 3 scrolls of blinking
 U - a scroll of fear
 V - 5 scrolls of remove curse
 W - 2 scrolls of summoning
 Z - 2 scrolls of enchant armour
Potions
 c - a potion of ambrosia
 h - 3 potions of magic
 k - a potion of cancellation
 t - 12 potions of curing
 u - 2 potions of flight
 B - a potion of heal wounds
 D - a potion of resistance
 J - a potion of might
 K - a potion of cure mutation
 M - 4 potions of brilliance
 N - 2 potions of agility
 P - 4 potions of haste
Books
 j - a book of Frost

   Spells                             Type                      Level
   a - Freeze                         Ice                          1
   b - Throw Frost                    Conjuration/Ice              2
   c - Ozocubu's Armour               Charms/Ice                   3
   d - Throw Icicle                   Conjuration/Ice              4
   e - Summon Ice Beast               Ice/Summoning                4
 w - a Fen Folio

   Spells                             Type                      Level
   a - Corpse Rot                     Necromancy                   2
   b - Stone Arrow                    Conjuration/Earth            3
   c - Leda's Liquefaction            Hexes/Earth                  4
   d - Summon Forest                  Summoning/Translocation      5
   e - Hydra Form                     Transmutation                6
   f - Summon Hydra                   Summoning                    7
Miscellaneous
 a - a lamp of fire
Comestibles
 r - a beef jerky
 s - 2 slices of pizza
 v - 8 meat rations
 z - 7 fruits
 Y - 3 royal jellies


   Skills:
 - Level 10.4(15.4) Fighting
 - Level 14.0(19.0) Short Blades
 * Level 7.9(12.9) Throwing
 - Level 4.1(9.1) Dodging
 + Level 14.3(19.3) Stealth
 - Level 4.0(9.0) Shields
 - Level 7.7 Spellcasting
 - Level 15.0 Hexes
 - Level 2.1 Translocations
 - Level 1.7 Ice Magic
   Level 1.7 Earth Magic
 - Level 4.0 Invocations
 - Level 6.0 Evocations


You had 11 spell levels left.
You knew the following spells:

 Your Spells              Type           Power        Failure   Level  Hunger
a - Ensorcelled Hibernat  Hex/Ice        ####..       1%          2    None
b - Cause Fear            Hex            ######....   1%          4    ####...
c - Confuse               Hex            ######..     1%          3    ##.....
d - Invisibility          Hex            ######..     3%          6    #######
e - Ozocubu's Armour      Chrm/Ice       #.......     28%         3    ##.....
w - Blink                 Tloc           N/A          10%         2    None


Dungeon Overview and Level Annotations

Branches:
Dungeon (15/15)            Temple (1/1) D:4            Lair (8/8) D:11
  Swamp (3/4) Lair:3       Spider (0/4) Lair:3        Slime (0/6) Lair:6
    Orc (2/2) D:10            Elf (0/3) Orc:2        Vaults (0/5) D:14
 Depths (0/5) D:15

Altars:
Ashenzari
Cheibriados
Dithmenos
Elyvilon
Fedhas
Gozag
Kikubaaqudgha
Makhleb
Nemelex Xobeh
Okawaru
Pakellas
Qazlal
Ru
Sif Muna
Trog
Vehumet
Xom
Yredelemnul
Zin
The Shining One
Jiyva

Shops:
D:6 [   D:7 (}:   Orc:2 ([([(

Portals:
Hell: Lair:8

Annotations:
D:8 exclusion: worm
Lair:3 2 exclusions
Lair:5 1 exclusion


Innate Abilities, Weirdness & Mutations

You have a pair of large antennae on your head (SInv).
You are completely covered in large bone plates (AC +4, SH +4).
You may emit foul miasma when damaged in melee.
You sometimes gain power by taking damage.
You are immune to rotting.


Message History

The thorn hunter is almost destroyed.
The thorn hunter hits you! x2
The spriggan rider hits you from afar with a spear!!
* * * LOW HITPOINT WARNING * * *
Drink which item? (? for menu, Esc to quit)
You feel much better.
The thorn hunter fires a volley of thorns at you.
The volley of thorns hits you!
* * * LOW HITPOINT WARNING * * *
You focus on the pain.
You feel agile all of a sudden. You block the spriggan rider's attack.
Read which item? (? for menu, Esc to quit)
Blink to where?
Press: ? - help, Dir - move target cursor You are very lightly contaminated with residual magic.
As you read the scroll of blinking, it crumbles to dust.
The thorn hunter fires a volley of thorns at you.
The volley of thorns hits you!
You die...

≈.....♣.≈≈≈≈≈.≈♣♣≈≈≈≈≈≈≈≈≈.
..♣≈..≈...≈≈≈.♣♣♣♣♣♣♣≈≈≈≈♣.
≈≈≈♣♣≈..≈.≈...♣♣ ♣♣♣♣§≈† ♣≈
♣......≈.≈♣♣ ♣≈...
≈≈≈♣♣≈♣♣.≈≈≈♣♣♣♣♣♣ ♣≈...
♣≈≈≈♣♣♣.≈≈.♣♣ ♣≈≈♣♣♣♣
♣♣≈..≈
≈≈≈≈≈≈.....♣♣♣♣≈...≈♣
♣≈♣≈≈♣
≈≈≈≈♣♣≈....♣≈.♣.≈≈≈≈♣
♣≈..♣♣ ≈≈
♣♣≈≈...≈@§♣♣≈.≈≈≈♣ ♣.≈≈≈♣
♣≈....≈≈≈.≈≈..§§.♣ ♣...≈♣
♣♣♣.≈≈§§≈.♣..f♣♣≈♣ ♣♣♣♣♣♣
♣.≈≈≈≈≈.§§§i§♣♣♣ ..
♣♣.≈≈.≈≈≈§8§§§♣♣♣ .≈
♣♣≈≈♣≈.§§§≈§..≈♣
♣♣♣♣♣≈♣♣♣§§§.≈≈≈≈f♣♣≈♣♣♣♣
♣.≈≈≈§♣♣≈....≈≈≈≈≈...≈♣≈§
♣.≈≈≈.♣♣.≈.≈.≈≈≈≈≈≈.≈≈.≈≈


You could see a thorn hunter and a spriggan rider.

Vanquished Creatures
  Gastronok (Orc:1)
  A thorn hunter (Swamp:2)
  An orc warlord (Orc:1)
  A caustic shrike zombie (D:15)
  The ghost of ReniFell the Cleaver, a journeyman MiFi of Okawaru (D:15)
  A dire elephant (Lair:8)
  Azrael (D:15)
  A fire dragon (D:15)
  Josephine (D:10)
  16 hydras
  An ice dragon (D:14)
  A death knight (D:15)
  4 centaur warriors
  8 death yaks
  Erolcha (D:11)
  6 alligators
  Urug (D:15)
  3 orc high priests (Orc:2)
  Sonja (D:14)
  12 skeletal warriors
  A sun demon (Lair:8)
  A golden dragon zombie (D:15)
  3 unseen horrors
  4 swamp dragons
  3 shambling mangroves
  A spriggan druid (Swamp:2)
  A phantasmal warrior (D:15)
  An anubis guard (shapeshifter) (D:13)
  3 necromancers
  10 orc knights
  A deep elf mage (D:15)
  10 hill giants
  7 ugly things
  2 manticores (D:14)
  An orb spider (shapeshifter) (D:15)
  A wizard (Lair:8)
  3 griffons
  6 orc sorcerers
  3 cyclopes
  20 elephants
  A spriggan zombie (D:15)
  6 black mambas
  3 toenail golems (Volcano)
  3 gargoyles
  2 orange demons (Lair:8)
  A smoke demon (Lair:8)
  4 rime drakes
  14 freezing wraiths
  25 spiny frogs
  An efreet (D:15)
  5 komodo dragons
  An entropy weaver zombie (D:15)
  A hellwing (Lair:8)
  3 red devils (Lair:8)
  2 ice devils (Lair:8)
  7 giant leeches
  4 trolls
  A troll (shapeshifter) (D:14)
  2 polar bears
  A two-headed ogre (D:12)
  17 blink frogs
  6 bog bodies
  17 slime creatures
  Prince Ribbit (D:5)
  5 wraiths
  Sigmund (D:5)
  6 spriggans
  2 shadows
  7 wyverns
  44 yaks
  6 basilisks
  2 fire elementals (D:15)
  6 humans (Volcano)
  4 hungry ghosts
  2 steam dragons
  14 vampire mosquitoes
  13 hippogriffs
  Menkaure (D:6)
  A warg (shapeshifter) (D:14)
  5 insubstantial wisps (Swamp:1)
  6 swamp worms
  5 wargs
  A mottled dragon (D:13)
  12 water moccasins
  4 hell hounds
  4 swamp drakes
  10 porcupines
  28 orc warriors
  13 wasps
  16 ice beasts
  2 sky beasts
  2 black bears
  An eye of draining (D:13)
  12 wolves
  16 ogres
  A phantom (D:10)
  3 boggarts (D:14)
  8 centaurs
  21 crocodiles
  3 big kobolds
  29 giant frogs
  A wyvern zombie (D:8)
  A water moccasin zombie (D:11)
  2 wyvern skeletons
  4 scorpions
  An elephant simulacrum (IceCv)
  13 killer bees
  11 wights
  5 howler monkeys
  5 centaur zombies
  9 crimson imps
  A quasit (D:15)
  A giant frog zombie (D:12)
  3 draconian simulacra (IceCv)
  3 jellies
  5 hounds
  Crazy Yiuf (D:5)
  15 orc priests
  6 centaur skeletons
  A gnoll shaman (D:4)
  36 orc wizards
  3 giant frog skeletons
  Ijyb (D:2)
  7 iguanas
  19 worker ants
  Natasha (twice) (D:3)
  5 troll simulacra (IceCv)
  59 sheep
  3 wolf simulacra (IceCv)
  5 centaur simulacra (IceCv)
  A hound zombie (D:9)
  A hound skeleton (D:4)
  2 worker ant zombies
  A howler monkey zombie (D:5)
  3 gnolls (D:4)
  19 adders
  4 naga simulacra (IceCv)
  72 river rats
  3 ogre simulacra (IceCv)
  3 shadow imps
  12 white imps (IceCv)
  2 oozes
  2 adder zombies
  An adder skeleton (D:6)
  7 worms
  6 dart slugs
  7 giant geckos
  90 orcs
  10 giant cockroaches
  8 goblins
  9 hobgoblins
  5 jackals
  9 quokkas
  13 ball pythons
  5 bats
  A giant gecko skeleton (D:7)
  6 giant newts
  A jackal skeleton (D:4)
  17 kobolds
  33 rats
1170 creatures vanquished.

Vanquished Creatures (collateral kills)
  An elephant (Lair:6)
1 creature vanquished.

Vanquished Creatures (others)
  An orc warrior (Orc:1)
  2 boggarts (D:14)
  A wight (D:8)
  2 orcs
  2 bushes (D:11)
  8 fungi
  9 plants
  A withered plant (D:15)
26 creatures vanquished.

Grand Total: 1197 creatures vanquished

Notes
Turn   | Place    | Note
--------------------------------------------------------------
     0 | D:1      | realXiberia the Demonspawn Wanderer began the quest for the Orb.
     0 | D:1      | realXiberia set off with: a +2 dagger, a potion of haste, a +0 spear, the Collected Works on Hexes, a +0 robe, a bread ration
     0 | D:1      | Reached XP level 1. HP: 18/18 MP: 2/2
     0 | D:1      | Identified the Collected Works on Hexes
   251 | D:1      | Gained mutation: You sometimes gain a little power by taking damage. [demonic ancestry]
   251 | D:1      | Reached XP level 2. HP: 10/24 MP: 3/3
   821 | D:1      | Learned a level 2 spell: Ensorcelled Hibernation
   889 | D:1      | Reached XP level 3. HP: 30/30 MP: 5/5
   976 | D:2      | Found a blossoming altar of Fedhas.
   981 | D:2      | Noticed Ijyb
  1321 | D:2      | Reached skill level 1 in Short Blades
  1388 | D:2      | Killed Ijyb
  1388 | D:2      | Reached skill level 1 in Hexes
  1388 | D:2      | Reached XP level 4. HP: 29/37 MP: 4/6
  2135 | D:3      | Found a faded altar to an unknown god.
  2236 | D:3      | Reached skill level 2 in Hexes
  2453 | D:3      | Found a radiant altar of Vehumet.
  2500 | D:3      | Gained mutation: You have a pair of small antennae on your head. [demonic ancestry]
  2500 | D:3      | Reached XP level 5. HP: 7/42 MP: 7/7
  2540 | D:3      | Found a glowing drain.
  2584 | Sewer    | Entered a sewer
  3759 | Sewer    | Gained mutation: You are immune to rotting. [demonic ancestry]
  3759 | Sewer    | Reached XP level 6. HP: 32/48 MP: 1/8
  3915 | Sewer    | Reached skill level 5 in Short Blades
  4745 | D:3      | Noticed Natasha
  4752 | D:3      | Killed Natasha
  4932 | D:3      | Noticed Natasha
  4949 | D:3      | Killed Natasha
  5061 | D:4      | Gained mutation: You are partially covered in large bone plates (AC +2, SH +2). [demonic ancestry]
  5061 | D:4      | Reached XP level 7. HP: 41/54 MP: 0/9
  5747 | D:4      | Found a staircase to the Ecumenical Temple.
  5786 | Temple   | Entered the Ecumenical Temple
  5793 | Temple   | Became a worshipper of Warmaster Okawaru
  6107 | D:4      | Found a deep blue altar of Sif Muna.
  6197 | D:5      | Entered Level 5 of the Dungeon
  6398 | D:5      | Noticed Crazy Yiuf
  6480 | D:5      | Noticed Prince Ribbit
  6534 | D:5      | Killed Prince Ribbit
  6534 | D:5      | Reached * piety under Okawaru
  6534 | D:5      | Gained mutation: You may emit foul miasma when damaged in melee. [demonic ancestry]
  6534 | D:5      | Reached XP level 8. HP: 36/60 MP: 6/10
  6541 | D:5      | Noticed Sigmund
  6556 | D:5      | Killed Sigmund
  6778 | D:5      | Killed Crazy Yiuf
  7041 | D:5      | Reached skill level 1 in Evocations
  7426 | D:6      | Found Wifobof's Armour Shoppe.
  7444 | D:6      | Noticed Menkaure
  7516 | D:6      | Got a blackened leather armour
  7518 | D:6      | Identified the cursed +0 leather armour of Truth {rF+ Dex+4} (You found it on level 6 of the Dungeon)
  7648 | D:6      | Reached ** piety under Okawaru
  7656 | D:6      | Gained mutation: You have a pair of antennae on your head. [demonic ancestry]
  7656 | D:6      | Reached XP level 9. HP: 58/65 MP: 1/11
  7822 | D:6      | Killed Menkaure
  7828 | D:6      | Learned a level 2 spell: Blink
  8054 | D:6      | Found a basalt altar of Yredelemnul.
  8170 | D:7      | Reached skill level 5 in Evocations
  8308 | D:7      | Found Sununt's Antique Weapon Shop.
  8501 | D:7      | Reached *** piety under Okawaru
  8517 | D:7      | Reached skill level 10 in Short Blades
  8571 | D:7      | Found Qefaum's Gadget Boutique.
  8610 | D:7      | Found Bulizukast's Book Shoppe.
  8935 | D:8      | Found a shimmering altar of Xom.
  8935 | D:8      | Found a basalt altar of Yredelemnul.
  8935 | D:8      | Found a shattered altar of Ashenzari.
  8997 | D:8      | Found an oddly glowing altar of Pakellas.
  9005 | D:8      | Found a snail-covered altar of Cheibriados.
  9177 | D:8      | Reached **** piety under Okawaru
  9330 | D:8      | Gained mutation: You have a pair of large antennae on your head (SInv). [demonic ancestry]
  9330 | D:8      | Reached XP level 10. HP: 54/71 MP: 14/14
  9816 | D:9      | Found a bloodstained altar of Trog.
 10119 | D:9      | Paralysed by an orc priest for 6 turns
 10521 | D:9      | Reached ***** piety under Okawaru
 11050 | D:10     | Entered Level 10 of the Dungeon
 11051 | D:10     | Received a gift from Okawaru
 11068 | D:10     | Noticed a hill giant
 11080 | D:10     | Killed a hill giant
 11210 | D:10     | Found a staircase to the Orcish Mines.
 11219 | D:10     | Reached skill level 3 in Hexes
 11256 | D:10     | Reached XP level 11. HP: 68/78 MP: 15/15
 11310 | D:10     | Got a slimy leather armour
 11322 | D:10     | Identified the cursed +1 leather armour of the Demon Prince {MR++} (You found it on level 10 of the Dungeon)
 11378 | D:10     | Noticed Josephine
 11401 | D:10     | Reached skill level 5 in Fighting
 11997 | D:11     | Reached skill level 4 in Hexes
 12046 | D:11     | Noticed a hill giant
 12055 | D:11     | Killed a hill giant
 12059 | D:11     | Noticed Erolcha
 12074 | D:11     | HP: 3/80 [Erolcha/crystal spear (50)]
 12077 | D:11     | Killed Erolcha
 12102 | D:11     | Noticed a cyan ugly thing
 12232 | D:11     | Killed a cyan ugly thing
 12397 | D:11     | Noticed a hill giant
 12399 | D:11     | Reached skill level 5 in Hexes
 12444 | D:11     | Killed a hill giant
 12836 | D:11     | Found a staircase to the Lair.
 12845 | D:11     | Reached skill level 5 in Spellcasting
 12930 | D:11     | Reached skill level 1 in Invocations
 12933 | D:11     | Reached skill level 1 in Translocations
 13191 | D:11     | Noticed an unseen horror
 13195 | D:11     | Killed an unseen horror
 13239 | Lair:1   | Entered Level 1 of the Lair of Beasts
 14118 | Lair:1   | Received a gift from Okawaru
 14144 | Lair:1   | Identified the Guide on Heat and the Entourage
 14173 | Lair:1   | Reached skill level 1 in Dodging
 14429 | Lair:2   | Gained mutation: You sometimes gain power by taking damage. [demonic ancestry]
 14429 | Lair:2   | Reached XP level 12. HP: 89/91 MP: 19/19
 14495 | Lair:2   | Reached XP level 13. HP: 97/97 MP: 19/22
 14496 | Lair:2   | Gained mutation: You occasionally shout uncontrollably at your foes. [potion of mutation]
 14496 | Lair:2   | Gained mutation: You are covered in fur (AC +1). [potion of mutation]
 14496 | Lair:2   | Gained mutation: You can translocate small distances at will. [potion of mutation]
 14497 | Lair:2   | Lost mutation: You can translocate small distances at will. [potion of cure mutation]
 14497 | Lair:2   | Lost mutation: You are covered in fur (AC +1). [potion of cure mutation]
 14498 | Lair:2   | Gained mutation: Scrolls take you a little longer to read. [potion of mutation]
 14498 | Lair:2   | Gained mutation: You evolve. [potion of mutation]
 14499 | Lair:2   | Lost mutation: You occasionally shout uncontrollably at your foes. [potion of cure mutation]
 14499 | Lair:2   | Lost mutation: You evolve. [potion of cure mutation]
 14499 | Lair:2   | Lost mutation: Scrolls take you a little longer to read. [potion of cure mutation]
 15142 | Lair:3   | Found a hole to the Spider Nest.
 15396 | Lair:3   | Found a staircase to the Swamp.
 16660 | Lair:4   | Reached ****** piety under Okawaru
 16892 | Lair:4   | Received a gift from Okawaru
 17386 | Lair:4   | Learned a level 3 spell: Confuse
 18013 | Lair:5   | Found a dark tunnel.
 18026 | Volcano  | Entered a volcano
 18048 | Volcano  | Reached skill level 6 in Hexes
 18092 | Volcano  | Reached skill level 10 in Fighting
 18603 | Lair:5   | Received a gift from Okawaru
 18805 | Lair:5   | Found a glowing silver altar of Zin.
 19208 | Lair:5   | Reached skill level 7 in Hexes
 19523 | Lair:6   | Found a staircase to the Slime Pits.
 19524 | Lair:6   | Found a viscous altar of Jiyva.
 19738 | Lair:6   | Reached skill level 8 in Hexes
 19750 | Lair:6   | Reached XP level 14. HP: 54/111 MP: 25/25
 19751 | Lair:6   | Reached skill level 10 in Hexes
 19751 | Lair:6   | Gained mutation: You are mostly covered in large bone plates (AC +3, SH +3). [demonic ancestry]
 19751 | Lair:6   | Reached XP level 15. HP: 57/117 MP: 26/26
 20311 | Lair:6   | Identified a scroll of acquirement
 20422 | Lair:6   | Learned a level 6 spell: Invisibility
 20678 | Lair:6   | Reached skill level 11 in Hexes
 21913 | Lair:7   | Reached skill level 12 in Hexes
 23246 | Lair:7   | Reached skill level 13 in Hexes
 23433 | Lair:8   | Entered Level 8 of the Lair of Beasts
 23913 | Lair:8   | Received a gift from Okawaru
 23916 | Lair:8   | Got a faintly humming robe {god gift}
 23927 | Lair:8   | Identified the +0 robe "Poicom" {Regen+} (Okawaru gifted it to you on level 8 of the Lair of Beasts)
 24158 | Lair:8   | Reached skill level 14 in Hexes
 24729 | Lair:8   | Found a burning altar of Makhleb.
 25138 | Lair:8   | Found a gateway to Hell.
 25152 | Lair:8   | Learned a level 4 spell: Cause Fear
 25503 | D:12     | Reached skill level 15 in Hexes
 26257 | D:10     | Killed Josephine
 26466 | Orc:1    | Entered Level 1 of the Orcish Mines
 26655 | Orc:1    | Gained mutation: You are completely covered in large bone plates (AC +4, SH +4). [demonic ancestry]
 26655 | Orc:1    | Reached XP level 16. HP: 93/123 MP: 27/27
 26790 | Orc:2    | Entered Level 2 of the Orcish Mines
 26791 | Orc:2    | Upgraded the game from 0.18-a0-1718-g40ea4b6 to 0.18-a0-1721-gc4d1f22
 26823 | Orc:2    | Reached skill level 5 in Stealth
 27205 | Orc:2    | Found Vezxutip's Antique Weapon Shop.
 27424 | Orc:2    | Received a gift from Okawaru
 27425 | Orc:2    | Got a jewelled rapier {god gift}
 27426 | Orc:2    | Identified the +1 rapier of Abomination {venom, rF+ MP+9 Int+2} (Okawaru gifted it to you on level 2 of the Orcish Mines)
 27441 | Orc:2    | Found Meanegei's Antique Armour Boutique.
 27650 | Orc:2    | Found Tatinleng's Antique Weapon Boutique.
 27651 | Orc:2    | Found Oxeak's Armour Emporium.
 27651 | Orc:2    | Found Appiaxen's Antique Weapon Emporium.
 27726 | Orc:2    | Bought a jewelled leather armour for 217 gold pieces
 27726 | Orc:2    | Bought a transparent leather armour for 217 gold pieces
 27736 | Orc:2    | Identified the +1 leather armour of Cheibriados's Delight {+Fly Int+2 Dex+4} (You bought it in a shop on level 2 of the Orcish Mines)
 27746 | Orc:2    | Identified the +2 leather armour of Inaction {Dex+6} (You bought it in a shop on level 2 of the Orcish Mines)
 27807 | Orc:2    | Found a staircase to the Elven Halls.
 28097 | Orc:1    | Noticed Gastronok
 28105 | Orc:1    | Killed Gastronok
 28394 | D:13     | Found a frozen archway.
 28572 | IceCv    | Entered an ice cave
 28780 | IceCv    | Reached skill level 10 in Stealth
 28813 | IceCv    | Received a gift from Okawaru
 28869 | IceCv    | Found an ancient bone altar of Kikubaaqudgha.
 30743 | D:13     | Learned a level 3 spell: Ozocubu's Armour
 31181 | D:13     | Got a crystal great sword
 31182 | D:13     | Identified the +6 great sword of Valour {slice, +Fly rElec Stlth-} (You acquired it on level 13 of the Dungeon)
 31631 | D:14     | Got an encrusted chain mail
 31632 | D:14     | Identified the +1 chain mail "Ziahem" {-Cast rPois rC++ Int+2} (You found it on level 14 of the Dungeon)
 31693 | D:14     | Found a deep blue altar of Sif Muna.
 32412 | D:14     | Found a gate to the Vaults.
 32548 | D:14     | Noticed Sonja
 33121 | D:14     | Received a gift from Okawaru
 33198 | D:14     | Killed Sonja
 33204 | D:15     | Entered Level 15 of the Dungeon
 33274 | D:15     | Reached XP level 17. HP: 96/129 MP: 24/28
 33355 | D:15     | Found a staircase to the Depths.
 33371 | D:15     | Noticed Urug
 33379 | D:15     | Reached skill level 1 in Throwing
 33394 | D:15     | Killed Urug
 33426 | D:15     | Noticed ReniFell's ghost (journeyman MiFi)
 34391 | D:15     | Noticed Azrael
 34406 | D:15     | Killed Azrael
 34866 | D:15     | Killed ReniFell's ghost
 35161 | Swamp:1  | Entered Level 1 of the Swamp
 35215 | Swamp:1  | Got a heavily runed scale mail
 35216 | Swamp:1  | Identified the cursed +1 scale mail of the Bagpipe {Int+3} (You found it on level 1 of the Swamp)
 35249 | Swamp:1  | Got a wizard robe
 35260 | Swamp:1  | Identified the +1 robe of a Thousand Beggars {+Fly Dex+3} (You found it on level 1 of the Swamp)
 35409 | Swamp:1  | Reached skill level 5 in Throwing
 38200 | Swamp:3  | Received a gift from Okawaru
 38281 | Swamp:3  | Killed from afar by a thorn hunter

Vault maps used:
D:1:      lightli_arrival_statue_moat
D:2:      serial_park_tiny_1, minivault_14, dk_noncrumbling_4, fedhas_altar_1,
          uniq_iyjb, uniq_terence
D:3:      lemuel_crystal_altar, gup_sewer_entry_bowl, first_bread,
          ecumenical_altar_1, uniq_natasha
D:4:      led_sif_book, temple_pool_b
D:5:      st_stairs_7, uniq_prince_ribbit1, uniq_sigmund,
          uniq_crazy_yiuf_cottage
D:6:      basic_altar, serial_shops, shop, nicolae_underground_beach,
          uniq_menkaure
D:7:      serial_shops, kennysheep_mini_moat, shop, shop, the_bakery
D:8:      grunt_temple_overflow_open, worms_lemuel
D:9:      wad_crossroads, bloody_trog, corexii_hall_statues_l
D:10:     minmay_orc_entry_guard_dogs, uniq_josephine
D:11:     minmay_lair_entry_grove, st_stairs_7, uniq_erolcha
D:13:     portal_ice_cave_entry_ice_beasts, grunt_ministairs_10
D:14:     david_vaults_4, minmay_misc_feat_enclosed, basic_altar, uniq_sonja
D:15:     gammafunk_depths_entry_grave, serial_park_avenue1, uniq_azrael,
          uniq_urug
Temple:   nicolae_temple_no_exploring_needed
Lair:3:   kennysheep_rathole, minmay_swamp_entry_worms,
          nicolae_spider_entry_orb_guardian
Lair:4:   grunt_megastairs_4
Lair:5:   nicolae_volcano_entry_lava_flow, lemuel_centaur_altar
Lair:6:   slime_altar_1, st_stairs_6
Lair:7:   beast_lair_carwin_5
Lair:8:   evil_forest, infiniplex_staircase_pool_2
Swamp:1:  infiniplex_staircase_pool
Swamp:2:  nicolae_swamp_round_clearing, hangedman_swamp_blocks, swamp_pool2
Swamp:3:  evilmike_swamp_ruin_house_6, swamp_pool4, statue_in_the_mist_lemuel,
          nicolae_swamp_trees_clearing
Orc:1:    serial_shops, sword_in_stone, uniq_gastronok
Orc:2:    st_orc_elflike, serial_shops, shop_fountains
Sewer:    sewer_minmay_w
IceCv:    ice_cave_small_necro
Volcano:  volcano_bunker

Skill      XL: |  1  2  3  4  5  6  7  8  9 10 11 12 13 14 15 16 17 |
---------------+----------------------------------------------------+-----
Fighting       | 4 7 10 | 10.4
Short Blades   | 1 2 4 5 8 9 11 13 14 | 14.0
Hexes          | 1 2 3 5 8 10 15 | 15.0
Evocations     | 3 6 |  6.0
Spellcasting   | 2 5 6 7 |  7.7
Invocations    | 4 |  4.0
Translocations | 2 |  2.1
Dodging        | 1 3 4 |  4.1
Shields        | 4 |  4.0
Stealth        | 2 4 13 14 | 14.3
Throwing       | 7 |  7.9
Ice Magic      | |  1.7
Earth Magic    | |  1.7

Action                   |  1- 3 |  4- 6 |  7- 9 | 10-12 | 13-15 | 16-18 || total
-------------------------+-------+-------+-------+-------+-------+-------++-------
Melee: Dagger            |   116 |   296 |   527 |   664 |  1756 |  2019 ||  5378
Throw: Throwing net      |       |       |       |       |     2 |       ||     2
 Cast: Ensorcelled Hiber |     1 |    42 |    41 |    26 |    34 |     3 ||   147
       Confuse           |       |       |       |       |    23 |    68 ||    91
       Invisibility      |       |       |       |       |    10 |    23 ||    33
       Cause Fear        |       |       |       |       |       |     5 ||     5
Invok: Heroism           |       |       |       |     1 |       |     2 ||     3
 Abil: Evoke Invisibilit |       |       |     2 |     9 |    16 |       ||    27
Evoke: Wand              |       |       |     5 |     5 |     1 |       ||    11
       Lamp of fire      |       |       |       |       |     1 |       ||     1
       Deck              |       |       |       |       |       |     2 ||     2
  Use: Scroll            |     2 |     8 |     5 |     9 |     8 |    10 ||    42
       Potion            |       |    11 |     2 |     7 |     8 |     6 ||    34
 Stab: Sleeping          |     1 |    23 |    22 |    13 |    28 |    61 ||   148
       Distracted        |       |       |     5 |     1 |       |     5 ||    11
       Invisible         |       |       |     9 |    50 |   142 |   109 ||   310
       Petrifying        |       |       |       |     1 |       |       ||     1
       Held in net/web   |       |       |       |       |     1 |       ||     1
       Confused          |       |       |       |       |     8 |    47 ||    55
  Eat: Chunk             |     2 |     8 |    17 |    13 |    27 |    23 ||    90
       Beef jerky        |       |     2 |       |       |     2 |     1 ||     5
       Bread ration      |       |     1 |     1 |     2 |     5 |     2 ||    11
       Fruit             |       |       |       |     1 |     1 |       ||     2
       Meat ration       |       |       |       |       |       |     5 ||     5
